Map: Acropolis LE

Players

Mez

  • Race: Terran Terran
  • League: Master
  • Spawn Location: 5:00

Manny - Winner!

  • Race: Zerg Zerg
  • League: Master
  • Spawn Location: 11:00

VOD

Have the link to the VOD?

Description

Time

  • Played on: Aug. 12, 2019, 7:48 a.m.
  • Length: 11:43
Show
View Real Time Build Order
Export as new Build Order

Mez Terran 

Build Orders: Liberator Opening, Reaper Expand 

Get SALT Encoding   

  12  0:00  SCV  
  13  0:13  SCV  
  14  0:17  Supply Depot  
  14  0:25  SCV  
  15  0:39  SCV  
  15  0:40  Barracks  
  16  0:44  Refinery  
  16  0:51  SCV  
  17  1:03  SCV  
  18  1:15  SCV  
  19  1:28  Reaper, Orbital Command  
  20  1:40  Command Center  
  20  1:48  Supply Depot  
  20  1:55  SCV  
  20  2:00  Marine  
  22  2:10  SCV  
  22  2:12  Factory  
  22  2:15  Refinery  
  23  2:22  Barracks Reactor, SCV  
  23  2:34  SCV  
  24  2:58  Starport  
  24  3:03  Orbital Command  
  24  3:07  Hellion x2  
  24  3:08  SCV, Barracks Tech Lab  
  29  3:19  Liberator  
  29  3:21  SCV  
  30  3:29  Marine  
  30  3:30  Hellion x2  
  30  3:31  SCV  
  30  3:33  SCV  
  40  3:43  SCV  
  40  3:45  SCV  
  40  3:48  Stimpack  
  42  3:50  Supply Depot  
  42  3:53  Hellion x2  
  46  4:11  Marine  
  46  4:12  SCV x2  
  46  4:16  Supply Depot  
  49  4:24  SCV  
  50  4:27  SCV  
  50  4:29  Command Center  
  51  4:36  SCV, Barracks  
  52  4:43  SCV  
  53  4:47  Factory Reactor  
  53  4:48  Marine, Starport Reactor, SCV  
  53  4:50  Barracks  
  55  4:55  SCV  
  56  5:08  SCV x2  
  56  5:14  Engineering Bay  
  58  5:15  Engineering Bay  
  58  5:19  Refinery  
  58  5:21  Refinery  
  58  5:22  Marine  
  58  5:26  Marine x2  
  61  5:29  SCV  
  61  5:33  Factory Reactor  
  61  5:34  Supply Depot  
  61  5:35  Supply Depot  
  62  5:41  SCV, Marine  
  64  5:47  Terran Infantry Armor Level 1, Terran Infantry Weapons Level 1, Barracks  
  64  5:48  Combat Shield, Marine x2, Barracks  
  66  5:50  Marine  
  66  5:52  Marine  
  66  5:55  Orbital Command  
  69  5:57  SCV  
  69  6:01  SCV  
  69  6:02  Supply Depot  
  70  6:04  Marine  
  70  6:06  Marine  
  70  6:08  Medivac  
  70  6:10  Medivac  
  76  6:14  SCV x2  
  76  6:15  Orbital Command  
  78  6:26  SCV  
  78  6:31  Marine x2  
  78  6:32  Marine x2, Supply Depot  
  81  6:33  Marine  
  81  6:34  Supply Depot  
  81  6:37  Supply Depot  
  84  6:41  SCV x2  
  80  6:47  Barracks Reactor x2, Missile Turret  
  80  6:49  Widow Mine x2  
  80  6:50  Missile Turret  
  84  6:55  Missile Turret  
  83  7:07  Medivac x2  
  86  7:09  Missile Turret  
  86  7:12  Factory, Armory  
  86  7:14  Missile Turret  
  86  7:16  SCV x3  
  89  7:27  Supply Depot  
  86  7:36  Widow Mine x2  
  90  7:41  Marine  
  90  7:42  Marine x8  
  99  7:48  Medivac x2  
  99  7:50  SCV  
  104  7:54  SCV, Supply Depot  
  104  7:55  SCV  
  104  7:57  Factory Tech Lab  
  106  7:59  Marine x5  
  106  8:00  Marine  
  106  8:04  Widow Mine x2  
  116  8:14  SCV x3, Marine x3  
  116  8:17  Marine x2  
  124  8:26  SCV  
  122  8:28  Marine x2  
  122  8:29  Thor, Marine x2  
  122  8:30  Widow Mine x2  
  122  8:32  Marine  
  137  8:40  Marine x4  
  137  8:41  SCV x3, Terran Infantry Weapons Level 2  
  137  8:44  Terran Infantry Armor Level 2  
  137  8:46  Marine  
  141  8:54  Supply Depot  
  141  8:58  Terran Vehicle Weapons Level 1  
  141  9:15  Marine x2, Supply Depot  
  141  9:16  Widow Mine x3  
  149  9:17  Marine x6  
  149  9:21  Marine  
  148  9:32  Supply Depot  
  148  9:36  SCV  
  148  9:37  SCV x2, Medivac  
  153  9:38  Missile Turret  
  153  9:44  Widow Mine x2  
  157  9:51  Thor, SCV x2  
  165  9:56  Command Center  
  165  9:57  Supply Depot  
  165  9:59  Supply Depot x3  
  165  10:00  Marine, Supply Depot  
  165  10:01  Marine x4  
  168  10:07  Medivac  
  170  10:16  Marine x4  
  170  10:18  Widow Mine x2, Marine x2  
  180  10:25  Barracks  
  177  10:34  Marine x3  
  177  10:35  Marine x4  
  184  10:36  Marine x2  
  184  10:37  Starport Reactor  
  183  10:52  Marine  
  183  10:55  Command Center  
  183  11:00  SCV x2  
  183  11:01  SCV  
  186  11:04  Supply Depot  
  186  11:06  Cyclone  
  189  11:12  SCV  
  189  11:13  SCV x2  
  189  11:14  Marine  
  189  11:15  Marine x6  
  159  11:29  SCV  
Show
View Real Time Build Order
Export as new Build Order

Manny Zerg - Winner!

Build Orders: Pool First, Muta Ling Bane 

Get SALT Encoding   

  12  0:02  Drone  
  13  0:11  Drone  
  14  0:18  Overlord  
  14  0:23  Extractor  
  14  0:25  Drone  
  14  0:36  Drone x2  
  16  0:48  Spawning Pool  
  15  0:51  Drone  
  15  0:56  Drone  
  17  1:22  Hatchery  
  16  1:27  Drone  
  17  1:35  Zergling x2  
  17  1:36  Zergling x2, Metabolic Boost  
  19  1:46  Queen  
  21  2:00  Overlord, Drone  
  22  2:24  Drone x3  
  22  2:27  Queen  
  27  2:37  Queen  
  27  2:39  Drone x2  
  30  2:55  Drone x2  
  30  2:56  Drone  
  32  3:01  Drone x3  
  35  3:07  Overlord  
  35  3:17  Hatchery  
  34  3:26  Zergling x2  
  35  3:34  Drone x4  
  35  3:35  Drone x3  
  42  3:42  Overlord  
  42  3:44  Lair  
  42  3:51  Spore Crawler  
  42  3:54  Drone x2, Extractor  
  42  4:05  Drone  
  42  4:06  Drone x3  
  42  4:08  Drone  
  47  4:10  Extractor  
  47  4:11  Spore Crawler  
  47  4:12  Overlord, Extractor  
  47  4:17  Baneling Nest  
  43  4:25  Queen  
  45  4:39  Zergling x12  
  45  4:40  Zergling x2  
  45  4:41  Zergling x8  
  56  4:48  Spine Crawler  
  55  4:53  Spire  
  54  5:01  Queen  
  53  5:13  Drone x6  
  59  5:22  Drone x5  
  59  5:23  Zergling x2  
  65  5:29  Drone, Spore Crawler  
  65  5:30  Drone  
  65  5:31  Baneling x3  
  66  5:46  Overlord x2  
  66  5:54  Baneling x2  
  66  5:55  Baneling x2  
  66  6:07  Mutalisk x6  
  78  6:13  Drone x3  
  78  6:14  Drone  
  82  6:29  Overlord x4  
  82  6:35  Extractor  
  82  6:36  Extractor  
  80  6:50  Overlord  
  80  6:51  Overlord  
  80  6:52  Zergling x12  
  86  7:06  Centrifical Hooks  
  86  7:10  Evolution Chamber  
  86  7:11  Evolution Chamber, Zerg Flyer Weapons Level 1, Mutalisk  
  86  7:13  Drone x4  
  86  7:14  Drone  
  91  7:45  Overlord x2, Mutalisk x5  
  91  7:46  Mutalisk x2  
  91  7:47  Drone x3  
  108  8:00  Drone x2  
  108  8:01  Overlord  
  108  8:02  Hatchery, Baneling x5  
  108  8:03  Baneling  
  109  8:05  Baneling  
  109  8:06  Baneling x4  
  109  8:07  Zerg Melee Weapons Level 1  
  109  8:10  Drone x2  
  111  8:15  Zergling x2  
  112  8:29  Mutalisk x2  
  112  8:30  Zergling x2  
  112  8:31  Zergling x2  
  118  8:40  Overlord  
  112  8:41  Zergling x4  
  112  8:43  Zergling x2  
  112  8:44  Zergling x4, Overseer  
  112  8:45  Overseer  
  112  8:46  Pneumatized Carapace  
  116  8:48  Zerg Ground Armor Level 1  
  116  8:49  Overlord, Zergling x2  
  116  8:50  Zergling x6  
  116  8:54  Hatchery  
  119  8:57  Zergling x4  
  119  9:09  Hatchery  
  116  9:28  Mutalisk x7  
  116  9:29  Zergling x8  
  132  9:37  Baneling x3  
  132  9:38  Overseer, Baneling  
  132  9:41  Overlord  
  132  9:42  Drone x4  
  136  9:51  Baneling x4  
  136  10:24  Zergling x14  
  136  10:25  Zergling x10  
  148  10:32  Infestation Pit  
  147  10:35  Baneling  
  147  10:36  Baneling x14  
  147  10:43  Mutalisk x3  
  147  10:44  Zergling x2  
  147  10:45  Zergling x10  
  159  10:54  Zergling x6  
  159  10:55  Drone  
  159  10:56  Drone x3  
  164  10:57  Drone x2  
  164  10:58  Drone  
  134  11:26  Zergling x2  
Tags
 
Add a new tag
Caveats
  • Supply blocks, unpowered buildings, or Contaminate may cause inaccurate times.
  • Supply counts are checked every 10 seconds.